AoeStats
← bluesuitandtie

Pilgrims

510182704Analyzed
4v4 RM · 4d ago on Sep 29, 2026· 55m 9s· 8 players
Game mode
Random Map
Map size
Large (8 player)
Population
200
Speed
Normal
Resources
Standard
Victory
Conquest
Starting age
Dark Age
Ending age
Imperial Age
RankedLock teamsTeams togetherTeam positionsShared explorationLock speedFull tech treeHidden civsTurbo modeCheats
Victory
Defeat
🇨🇳 Burgundians · China
929
+14
🇨🇱 Chinese · Chile
918
+14
🇺🇸 Wei · United States
912
+14
🇦🇷 Saxons · Argentina
891
+15
🇬🇧 Huns · United Kingdom
918
-16
🇹🇷 Turks · Türkiye
902
-15
🇨🇿 Spanish · Czechia
852
-13
🇺🇸 Bohemians · United States
832
-13
paveles_czk
11:07 Loom
14:41 Feudal Age
16:59 Gold Mining
18:22 Fishing Lines
19:11 Double-Bit Axe
21:27 Stone Mining
22:08 Fletching
24:43 Castle Age
26:57 Stone Shaft Mining
27:32 Wheelbarrow
29:18 Scale Mail Armor
29:31 Horse Collar
29:44 Pikeman
32:09 Bodkin Arrow
32:15 Padded Archer Armor
35:23 Elite Skirmisher
38:46 Heavy Plow
43:01 Imperial Age
42:21 Squires
43:35 Bow Saw
48:23 Hand Cart
52:40 Hoardings
55:43 Conscription
bluesuitandtie
10:37 Feudal Age
17:01 Castle Age
15:00 Double-Bit Axe
15:23 Horse Collar
17:06 Wheelbarrow
18:37 Bow Saw
24:26 Heavy Plow
27:47 Chemistry
45:08 Ballistics
Asturon
12:22 Feudal Age
10:37 Loom
13:03 Double-Bit Axe
13:35 Fishing Lines
27:18 Castle Age
madman
4:54 Loom
13:00 Feudal Age
13:32 Double-Bit Axe
14:26 Fishing Lines
18:43 Castle Age
19:11 Wheelbarrow
18:21 Town Watch
18:47 Fletching
18:57 Padded Archer Armor
19:26 Bodkin Arrow
19:46 Bow Saw
23:04 Stone Mining
23:31 Husbandry
30:30 Leather Archer Armor
30:50 Horse Collar
32:37 Ballistics
32:57 Treadmill Crane
33:27 Masonry
35:09 Heavy Plow
41:06 Gold Mining
47:00 Thumb Ring
50:02 Sipahi
Surfer's Gambit
3:49 Loom
12:51 Feudal Age
13:20 Fishing Lines
13:04 Man-at-Arms
13:39 Gold Mining
13:37 Double-Bit Axe
13:45 Stone Mining
15:48 Wheelbarrow
14:59 Town Watch
15:04 Arson
18:34 Scale Mail Armor
23:51 Castle Age
23:43 Horse Collar
24:43 Bloodlines
24:35 Husbandry
25:04 Hand Cart
25:03 Bow Saw
24:54 Heavy Plow
25:31 Gold Shaft Mining
25:32 Stone Shaft Mining
24:59 Light Cavalry
25:57 Scale Barding Armor
26:02 Forging
26:58 Gillnets
29:39 Pikeman
30:20 Squires
33:19 Tuntian
33:57 Chain Barding Armor
34:13 Iron Casting
37:09 Imperial Age
41:20 Ming Guang Armor
41:16 Conscription
40:26 Heavy Hei Guang Cavalry
42:25 Blast Furnace
41:42 Chain Mail Armor
52:25 Town Patrol
[Vsh]-Tutta
9:10 Loom
12:52 Feudal Age
14:41 Wheelbarrow
14:05 Gold Mining
22:12 Town Watch
25:35 Castle Age
26:36 Medium Warships
26:48 Hand Cart
26:34 Town Patrol
30:23 Squires
30:08 Gambesons
29:45 Pikeman
30:14 Arson
32:49 Double-Bit Axe
32:46 Horse Collar
33:43 Gold Shaft Mining
32:59 Stone Mining
39:03 Scale Mail Armor
39:13 Forging
41:32 Chain Mail Armor
41:53 Iron Casting
46:15 Imperial Age
44:20 Sanctity
47:30 Plate Mail Armor
47:13 Elite Varangian Guard
47:46 Treadmill Crane
48:12 Siege Engineers
49:08 Chemistry
48:29 Ballistics
48:20 Masonry
48:10 Murder Holes
Calcetin
8:33 Loom
12:54 Feudal Age
18:30 Castle Age
20:50 Medium Warships
24:48 Wheelbarrow
26:48 Hand Cart
34:03 Imperial Age
32:28 Ballistics
32:13 Fletching
33:41 Bodkin Arrow
33:46 Padded Archer Armor
34:19 Gold Mining
36:03 Chemistry
41:19 Leather Archer Armor
43:11 Bracer
43:42 Ring Archer Armor
47:59 Elite Chu Ko Nu
abcd312
1:13 Double-Bit Axe
5:10 Loom
10:58 Feudal Age
11:49 Town Watch
11:48 Man-at-Arms
13:24 Horse Collar
14:58 Wheelbarrow
14:52 Arson
18:53 Castle Age
17:08 Stone Mining
17:24 Fishing Lines
18:26 Stone Shaft Mining
25:41 Long Swordsman
29:47 Heavy Plow
33:07 Imperial Age
33:44 Hand Cart
36:35 Treadmill Crane
37:06 Fortified Wall
38:52 Gillnets
39:47 Bow Saw
39:49 Town Patrol
40:02 Forging
39:57 Gold Mining
43:48 Fortified Wall
43:49 Masonry
44:10 Husbandry
46:04 Burgundian Vineyards
47:10 Gold Shaft Mining
48:14 Hoardings
48:11 Fervor
48:15 Caravan
48:45 Coinage
48:26 Guilds
48:48 Architecture
49:19 Chemistry
49:29 Crop Rotation
51:17 Capped Ram
52:49 Elite Coustillier
53:30 Cavalier
53:30 Light Cavalry
54:47 Ballistics
54:48 Bombard Tower
54:15 Arrowslits
54:21 Guard Tower
55:04 Banking
54:20 Elite Cannon Galleon
55:15 Medium Warships
54:26 Demolition Ship
56:05 Iron Casting
55:35 Scale Barding Armor
55:24 Fletching
55:35 Padded Archer Armor
Connection lost

Rejoining the realm…

Still unreachable

The connection could not be restored.

Session expired

The server has moved on; the page needs a fresh start.